 Seeded DCSS version 0.29.1-13-g9f3cf754e1 (webtiles) character file.

Game seed: 16245865983455551772 (custom seed)

20366 Trevise the Merchant of Misery (level 12, -8/71 HPs)
             Began as a Deep Elf Necromancer on Jan 24, 2023.
             Was a Believer of Kikubaaqudgha.
             Mangled by a black mamba (11 damage)
             ... on level 3 of the Lair of Beasts.
             The game lasted 00:52:51 (15038 turns).

Trevise the Merchant of Misery (DENe)              Turns: 15038, Time: 00:52:52

Health: -8/71      AC:  7    Str:  2    XL:     12   Next: 44%
Magic:  27/39      EV: 12    Int: 36    God:    Kikubaaqudgha [**....]
Gold:   1003       SH:  0    Dex: 15    Spells: 8/35 levels left

rFire   . . .      SeeInvis +   d - staff of death {rN+}
rCold   . . .      Faith    .   (no shield)
rNeg    + . .      Spirit   .   p - +1 robe {Archmagi}
rPois   .          Reflect  .   i - +0 helmet {SInv}
rElec   .          Harm     .   y - scarf {+Inv}
rCorr   .          Rampage  .   g - +1 pair of gloves
Will    ++++.      Archmagi +   m - +0 pair of boots {Fly}
Stlth   ++........              x - amulet of regeneration
HPRegen 1.01/turn               E - +6 ring of intelligence
MPRegen 0.26/turn               A - ring of Obsession {Will+++ MP+9 Str-5 Int+6 SInv}

@: lethally poisoned (-8 -> -16), flying, slowed, very slow
A: no striking features
a: Renounce Religion, Evoke Invisibility, Unearth Wretches


You were on level 3 of the Lair of Beasts.
You worshipped Kikubaaqudgha.
Kikubaaqudgha was pleased with you.
You visited 3 branches of the dungeon, and saw 14 of its levels.

You collected 2471 gold pieces.
You spent 1468 gold pieces at shops.

Inventory:

Armour
 g - a +1 pair of gloves (worn)
   (You found it on level 6 of the Dungeon)
 i - a +0 helmet of see invisible (worn)
   (You bought it in a shop on level 4 of the Dungeon)
 m - a +0 pair of boots of flying (worn)
   (You bought it in a shop on level 3 of the Dungeon)
 p - a +1 robe of the Archmagi (worn)
   (You took it off a wight on level 10 of the Dungeon)
 y - a scarf of invisibility (worn)
   (You found it on level 7 of the Dungeon)
Magical Staves
 d - a staff of death (weapon) {rN+}
   (You acquired it on level 1 of the Dungeon)
 z - a staff of poison {rPois}
   (You found it on level 7 of the Dungeon)
Jewellery
 b - an amulet of magic regeneration
   (You found it on level 2 of the Lair of Beasts)
 c - a ring of ice {rC+, rF-}
   (You took it off Fannar on level 10 of the Dungeon)
 x - an amulet of regeneration (around neck)
   (You found it on level 3 of the Dungeon)
 A - the ring of Obsession (right hand) {Will+++ MP+9 Str-5 Int+6 SInv}
   (You bought it in a shop on level 7 of the Dungeon)

   [ring of intelligence]

   Str:       It affects your strength (-5).
   Int:       It affects your intelligence (+6).
   MP:        It affects your magic capacity (+9).
   SInv:      It lets you see invisible.
   Will:      It greatly increases your willpower.
 C - a ring of protection from cold {rC+, !d}
   (You found it on level 2 of the Lair of Beasts)
 E - a +6 ring of intelligence (left hand)
   (You found it on level 1 of the Dungeon)
Wands
 e - a wand of charming (11)
   (You took it off an orc on level 7 of the Dungeon)
 k - a wand of roots (19)
   (You found it on level 3 of the Dungeon)
 q - a wand of flame (110)
   (You took it off an orc warrior on level 6 of the Dungeon)
Scrolls
 a - a scroll of magic mapping {unknown}
 f - a scroll of identify {@r1}
 h - 2 scrolls of summoning {unknown}
 j - 3 scrolls of enchant weapon {unknown}
 l - 2 scrolls of noise {unknown}
 t - 5 scrolls of amnesia
 u - a scroll of silence {unknown}
 G - 2 scrolls of enchant armour {unknown}
 K - 3 scrolls of immolation {!r}
 Y - 5 scrolls of teleportation {@r3}
Potions
 n - 2 potions of cancellation
 v - a potion of might
 B - 6 potions of brilliance
 F - 2 potions of degeneration {!q}
 I - a potion of invisibility
 J - 6 potions of curing {@q1}
 L - 2 potions of flight
 M - 3 potions of magic
 P - 3 potions of lignification {!q}
 T - 2 potions of berserk rage {!q}


   Skills:
 + Level 6.6 Fighting
 - Level 2.4 Dodging
 - Level 2.4 Stealth
 + Level 12.3 Spellcasting
 * Level 11.7 Summonings
 * Level 16.2 Necromancy


You had 8 spell levels left.
You knew the following spells:

 Your Spells              Type           Power      Damage    Failure   Level
a - Necrotise             Necr           100%       1d9       0%          1
b - Haunt                 Necr/Summ      67%        N/A       4%          7
c - Blink                 Tloc           66%        N/A       2%          2
d - Infestation           Necr           71%        N/A       16%         8
m - Sublimation of Blood  Necr           100%       N/A       0%          2
x - Vampiric Draining     Necr           100%       2d13      0%          3
A - Animate Dead          Necr           100%       N/A       1%          4

Your spell library contained the following spells:

 Spells                   Type           Power      Damage    Failure   Level
 Sting                    Tmut/Pois      100%       1d8       1%          1
 Anguish                  Hex/Necr       55%        N/A       1%          4
 Agony                    Necr           100%       N/A       1%          5
 Ensorcelled Hibernation  Hex/Ice        66%        N/A       2%          2
 Poisonous Vapours        Pois/Air       66%        N/A       2%          2
 Confusing Touch          Hex            33%        N/A       5%          3
 Lesser Beckoning         Tloc           33%        N/A       5%          3
 Spider Form              Tmut/Pois      33%        N/A       5%          3
 Olgreb's Toxic Radiance  Pois           33%        N/A       19%         4
 Manifold Assault         Tloc           33%        N/A       45%         5
 Yara's Violent Unravell  Hex/Tmut       16%        3d8       45%         5
 Enfeeble                 Hex            16%        N/A       100%        7
 Chain Lightning          Conj/Air       16%        3d22      100%        9
 Fire Storm               Conj/Fire      16%        8d4       100%        9
 Shatter                  Erth           16%        3d16*     100%        9


Dungeon Overview and Level Annotations

Branches:
Dungeon (10/15)            Temple (1/1) D:5            Lair (3/5) D:8
  Swamp (0/4) Lair:3        Snake (0/4) Lair:2
    Orc: D:9-12

Altars:
Ashenzari
Cheibriados
Dithmenos
Elyvilon
Fedhas
Gozag
Hepliaklqana
Kikubaaqudgha
Makhleb
Nemelex Xobeh
Okawaru
Qazlal
Ru
Sif Muna
Trog
Uskayaw
Vehumet
Xom
Yredelemnul
Zin
The Shining One

Shops:
D:3 [   D:4 *:[   D:7 =


Message History

Your blink frog zombie hits the komodo dragon.
The komodo dragon bites your blink frog zombie!!
Your water moccasin zombie barely misses the komodo dragon.
Your water moccasin zombie bites the komodo dragon but does no damage.
Your blink frog zombie hits the komodo dragon! x2
The komodo dragon dies!
Kikubaaqudgha accepts your kill.
f - a scroll of identify {@r1} Your blink frog zombie hits the plant.
The plant begins to die.
Your blink frog zombie hits the plant!
A nearby plant withers and dies.
You swap places.
Found an escape hatch in the floor.
MP restored: 39
B - 6 potions of brilliance (gained 1) Sonja, the Graceful Assassin comes into view.
She is wielding a +1 dagger of distortion and quivering curare-tipped darts.
Sonja shouts!
You hear a howl!
Sonja throws a curare-tipped dart.
The curare-tipped dart hits you.
You are poisoned.
You have difficulty breathing.
You feel yourself slow down.
You take 6 damage, and have 65/71 hp.
Aim: Sonja, wielding a +1 dagger of distortion and quivering curare-tipped darts (ally target)
You feel a strong surge of power!
Insubstantial figures form in the air.
You feel very sick.
Sonja throws a curare-tipped dart.
The curare-tipped dart hits you.
You are more poisoned.
You have difficulty breathing.
You feel as though you will be slow longer.
You take 15 damage, and have 50/71 hp.
MASSIVE DAMAGE!!
You now have 32/39 mp.
What are your orders? t - Shout!
Orders for allies: a - Attack new target. p - Attack previous target. r - Retreat! s - Stop attacking. g - Guard the area. f - Follow me.
Anything else - Cancel.
Gang up on whom?
Aim: Sonja, wielding a +1 dagger of distortion and quivering curare-tipped darts (ally target) Attack!
You feel extremely sick.
Sonja throws a curare-tipped dart.
The curare-tipped dart hits your polar bear zombie.
Something bites your wraith!
You take 5 damage, and have 45/71 hp.
You feel very sick. Something bites your wraith!
Your wraith is destroyed!
Your wraith disappears in a puff of smoke!
Sonja mumbles some strange words.
Sonja blinks!
A black mamba comes into view.
A wolf comes into view.
You take 5 damage, and have 40/71 hp.
You feel very sick.
A wolf comes into view.
The wolf bites your wraith.
Your elephant zombie closely misses Sonja.
Your elephant zombie misses Sonja.
Sonja hits your cane toad zombie with a +1 dagger of distortion!
Your cane toad zombie blinks!
You take 1 damage, and have 39/71 hp.
You feel very sick.
Your water moccasin zombie bites Sonja.
Your blink frog zombie hits Sonja!
Your shadow wraith misses Sonja.
A wolf comes into view.
Your elephant zombie barely misses Sonja.
Your elephant zombie trunk-slaps Sonja.
Your water moccasin zombie bites Sonja.
Sonja barely misses your water moccasin zombie.
Sonja hits your water moccasin zombie with a +1 dagger of distortion.
Sonja hits your water moccasin zombie with a +1 dagger of distortion!
Space warps horribly around your water moccasin zombie!
Your blink frog zombie closely misses Sonja.
You take 2 damage, and have 37/71 hp.
You feel sick. The black mamba bites you!
Sonja hits your water moccasin zombie with a +1 dagger of distortion!
Your water moccasin zombie is destroyed!
Your blink frog zombie closely misses Sonja.
Your six-headed hydra zombie bites Sonja but does no damage.
Your six-headed hydra zombie bites Sonja!
Sonja dies!
Kikubaaqudgha accepts your kill. The black mamba bites you!
* * * LOW HITPOINT WARNING * * *
You are more poisoned.
The black mamba poisons you!
You take 16 damage, and have 21/71 hp.
MASSIVE DAMAGE!!
Aim: a black mamba (ally target)
You feel a strong surge of power!
Insubstantial figures form in the air.
* * * LOW HITPOINT WARNING * * *
You feel extremely sick.
Your wraith disappears in a puff of smoke!
Your shadow wraith disappears in a puff of smoke!
The black mamba bites you!
* * * LOW HITPOINT WARNING * * *
The wolf bites your phantasmal warrior but does no damage.
The black mamba bites you!
You die...
Kikubaaqudgha rasps: "You have failed me!
Welcome... death!"

...............
................
.........#.....#
..............#
....$.........#
.............#
.............###
......h@W......## #
...$.hS.W....##.##.#
.......WW...#.#...#
....WZWZZ.......##
....hZ.Z.........#
.....W§Z.......†## ###
.....§ZW........####...#
.....Z..............#..#
......................#


You could see a black mamba (ally target), 3 wolves, 2 friendly shadow wraiths,
2 friendly phantasmal warriors, a friendly freezing wraith (summoned), 3
friendly wraiths, a friendly water moccasin zombie, a friendly six-headed hydra
zombie, a friendly elephant zombie, a friendly cane toad zombie, 2 friendly
blink frog zombies, a friendly polar bear zombie and a friendly swamp drake
zombie.

Vanquished Creatures
  A boulder beetle (D:9)
  Fannar (D:10)
  A two-headed ogre (D:9)
  A cyclops (D:9)
  Maurice (D:8)
  2 black mambas
  A cane toad (Lair:1)
  Psyche (D:8)
  2 komodo dragons (Lair:1)
  A troll (D:10)
  A meliai (D:10)
  A hornet (D:8)
  4 blink frogs
  Sigmund (D:5)
  A basilisk (Lair:2)
  3 wyverns
  11 yaks
  A steam dragon (D:7)
  2 water moccasins
  2 ice beasts
  2 orc warriors
  3 black bears
  An ogre (D:4)
  2 wolves (Lair:1)
  3 centaurs
  4 kobold brigands
  5 bullfrogs
  5 scorpions
  4 killer bees (D:8)
  3 howler monkeys
  4 orc priests
  A gnoll bouda (D:7)
  3 hounds
  Jessica (D:2)
  3 iguanas
  6 orc wizards
  Natasha (thrice) (D:3)
  8 gnolls
  4 adders
  A dart slug (D:5)
  19 orcs
  8 ball pythons
  3 bats
  7 endoplasms
  5 goblins
  7 hobgoblins
  21 kobolds
  5 quokkas
  3 frilled lizards
  7 rats
190 creatures vanquished.

Vanquished Creatures (collateral kills)
  A two-headed ogre (D:9)
  A nameless horror (D:10)
  Sonja (Lair:3)
  Amaemon (D:8)
  4 elephants (Lair:1)
  Joseph (D:8)
  2 cane toads
  A rime drake (Lair:2)
  A komodo dragon (Lair:3)
  A yaktaur (D:10)
  2 ice devils (Lair:1)
  A polar bear (Lair:3)
  3 blink frogs (Lair:3)
  A wyvern (D:9)
  A shadow (D:10)
  19 yaks
  5 water moccasins
  3 nagas (Lair:2)
  A swamp drake (Lair:3)
  An orc warrior (D:8)
  4 wolves (Lair:1)
  A centaur (D:9)
  A phantom (D:6)
  A kobold brigand (D:9)
  2 bullfrogs
  A scorpion (D:5)
  7 wights
  A howler monkey (D:8)
  3 orc wizards
  A hound skeleton (D:4)
  A gnoll (D:7)
  An adder (D:6)
  A white imp (D:5)
  10 orcs
  An endoplasm (D:4)
  A giant cockroach (D:4)
  A hobgoblin (D:4)
  10 kobolds
99 creatures vanquished.

Vanquished Creatures (others)
  2 hydras
  A catoblepas (Lair:1)
  A centaur warrior (D:10)
  An elephant (Lair:3)
  A centaur zombie (D:10)
  A komodo dragon (Lair:3)
  A hydra zombie (Lair:1)
  A meliai zombie (D:10)
  A boulder beetle zombie (D:9)
  A black mamba zombie (Lair:1)
  A cane toad zombie (Lair:1)
  A water moccasin (Lair:1)
  2 blink frog zombies (Lair:3)
  An elephant zombie (Lair:1)
  A komodo dragon zombie (Lair:3)
  4 water moccasin zombies
  A wyvern zombie (D:10)
  16 yak zombies
  A bullfrog zombie (Lair:2)
  A scorpion zombie (D:7)
  2 killer bee zombies (D:8)
  An ogre zombie (D:4)
  A human zombie (D:8)
  A howler monkey zombie (D:8)
  An adder zombie (D:6)
  An iguana zombie (D:7)
  An orc (D:9)
  A bat (D:9)
  A bat zombie (D:9)
  6 gnoll zombies
  A ball python zombie (D:10)
  A kobold (D:9)
  16 kobold zombies
  9 orc zombies
  A quokka zombie (D:10)
  38 fungi
  50 plants
172 creatures vanquished.

Grand Total: 461 creatures vanquished

Notes
Turn   | Place    | Note
-------+----------+-------------------------------------------
     0 | D:1      | Trevise the Deep Elf Necromancer began the quest for the
                  | Orb.
     0 | D:1      | Reached XP level 1. HP: 10/10 MP: 6/6
    87 | D:1      | Reached skill level 5 in Necromancy
    97 | D:1      | Identified 3 scrolls of acquirement
    97 | D:1      | Acquired a staff of death
   100 | D:1      | Acquired 775 gold pieces
   102 | D:1      | Acquired 844 gold pieces
   218 | D:1      | Found a faded altar of an unknown god.
   242 | D:1      | Reached XP level 2. HP: 15/15 MP: 4/8
  1545 | D:2      | Reached XP level 3. HP: 19/19 MP: 7/10
  1549 | D:2      | Learned a level 3 spell: Vampiric Draining
  1590 | D:2      | Noticed Jessica
  1594 | D:2      | Killed Jessica
  1595 | D:2      | Reached skill level 4 in Spellcasting
  1595 | D:2      | Reached skill level 6 in Necromancy
  2119 | D:3      | Reached XP level 4. HP: 24/24 MP: 9/12
  2120 | D:3      | Noticed Natasha
  2125 | D:3      | Killed Natasha
  2179 | D:3      | Learned a level 4 spell: Animate Dead
  2388 | D:3      | Found Ymmy Ciutu's Antique Armour Shoppe.
  2405 | D:3      | Bought a pair of embroidered boots for 187 gold pieces
  2421 | D:3      | Reached skill level 7 in Necromancy
  2421 | D:3      | Reached XP level 5. HP: 28/28 MP: 0/14
  2610 | D:3      | Noticed Natasha
  2612 | D:3      | Killed Natasha
  2613 | D:3      | Reached skill level 5 in Spellcasting
  2693 | D:3      | Noticed Natasha
  2696 | D:3      | Killed Natasha
  3052 | D:4      | Noticed an ogre
  3063 | D:4      | Killed an ogre
  3064 | D:4      | Reached skill level 8 in Necromancy
  3064 | D:4      | Reached XP level 6. HP: 21/32 MP: 0/16
  3179 | D:4      | Found Gamycsypi's Antique Armour Boutique.
  3195 | D:4      | Bought a runed helmet for 195 gold pieces
  3258 | D:4      | Found a shadowy altar of Dithmenos.
  3311 | D:4      | Found a burning altar of Makhleb.
  3368 | D:3      | HP: 5/28 [necrophage (3)]
  3676 | D:4      | Found Koenoidu's Book Boutique.
  3828 | D:4      | Found a snail-covered altar of Cheibriados.
  3848 | D:4      | Found Tuuwolaw's General Store.
  4000 | D:4      | Reached skill level 6 in Spellcasting
  4282 | D:5      | Entered Level 5 of the Dungeon
  4382 | D:5      | HP: 8/32 [centaur (1)]
  4385 | D:5      | Reached skill level 9 in Necromancy
  4385 | D:5      | Reached XP level 7. HP: 16/36 MP: 7/18
  4685 | D:5      | Found a staircase to the Ecumenical Temple.
  4694 | Temple   | Entered the Ecumenical Temple
  4758 | Temple   | Became a worshipper of Kikubaaqudgha
  4989 | D:5      | Found a glowing silver altar of Zin.
  5134 | D:5      | Noticed Sigmund
  5154 | D:5      | Killed Sigmund
  5155 | D:5      | Reached skill level 7 in Spellcasting
  5155 | D:5      | Reached skill level 10 in Necromancy
  6051 | D:6      | Reached skill level 1 in Fighting
  6051 | D:6      | Reached XP level 8. HP: 17/43 MP: 4/21
  6051 | D:6      | HP: 10/43 [kobold/+0 short sword (3)]
  6055 | D:6      | FireHeadGirl: You're in trouble
  6056 | D:6      | HP: 5/96 [poisoned by an adder]
  6340 | D:6      | FireHeadGirl: Now you're not
  6440 | D:6      | Trevise: lol
  6448 | D:6      | OTABOTABOTAB: hey it's fireheadgirl again!
  6507 | D:6      | FireHeadGirl: I am always me
  6693 | D:6      | HP: 10/43 [orc warrior/+0 battleaxe (16)]
  6955 | D:6      | Reached skill level 2 in Fighting
  7004 | D:6      | FireHeadGirl: Haunt is always good
  7004 | D:6      | Trevise: kiko will give tho yeah?
  7004 | D:6      | FireHeadGirl: probably eventually
  7004 | D:6      | Acquired a book of Death
  7014 | D:6      | Learned a level 7 spell: Haunt
  7294 | D:5      | FireHeadGirl: how did it catch up to you?
  7297 | D:5      | FireHeadGirl: Go downstairs and hit the pink warp point
  7638 | D:6      | Reached skill level 1 in Summonings
  7975 | D:6      | Reached skill level 8 in Spellcasting
  7975 | D:6      | Reached skill level 2 in Summonings
  8513 | D:7      | Found Dackej's Jewellery Shoppe.
  8519 | D:7      | FireHeadGirl: That's a good ring
  8519 | D:7      | FireHeadGirl: For a caster
  8519 | D:7      | Trevise: Yeah but I only have 5 str
  8519 | D:7      | Trevise: :(
  8519 | D:7      | FireHeadGirl: oooooops
  8534 | D:7      | Reached skill level 11 in Necromancy
  8760 | D:7      | Reached skill level 3 in Summonings
  8886 | D:7      | Reached skill level 3 in Fighting
  8886 | D:7      | Reached XP level 9. HP: 49/50 MP: 8/23
  8903 | D:7      | Bought the ring of Obsession {Will+++ MP+9 Str-5 Int+6
                  | SInv} for 1086 gold pieces
  8905 | D:7      | Trevise: This is fine
  9040 | D:7      | Reached skill level 4 in Summonings
  9405 | D:7      | Found a hazy altar of Hepliaklqana.
  9578 | D:8      | Noticed Amaemon
  9578 | D:8      | Noticed an orange demon
  9688 | D:8      | Noticed Maurice
  9703 | D:8      | Reached skill level 5 in Summonings
  9703 | D:8      | Reached skill level 12 in Necromancy
  9831 | D:8      | Reached skill level 9 in Spellcasting
  9847 | D:8      | Killed Maurice
  9847 | D:8      | Reached * piety under Kikubaaqudgha
  9847 | D:8      | beem: I am beem. For help, type: !beem
  9847 | D:8      | Received a gift from Kikubaaqudgha
  9848 | D:8      | Reached skill level 6 in Summonings
  9866 | D:8      | Reached skill level 4 in Fighting
  9919 | D:8      | Noticed Joseph
  9924 | D:8      | Your ally Maurice died
 10286 | D:8      | Noticed Psyche
 10292 | D:8      | FireHeadGirl: !beem
 10292 | D:8      | beem: I'm a chat bot that sends commands to the DCSS IRC
                  | knowledge bots. Type !subscribe and I'll watch all your
                  | games; type !unsubscribe to make me go away. Use
                  | !sequellhelp for the original Sequell help command. Bots
                  | with a different name that act similarly are either for ban
                  | evasion or falsely advertising spam and are not the current
                  | beem bot.
 10297 | D:8      | Killed Psyche
 10298 | D:8      | Reached XP level 10. HP: 56/56 MP: 24/25
 10348 | D:8      | Found a stormy altar of Qazlal.
 10446 | D:8      | Learned a level 2 spell: Blink
 10473 | D:8      | HP: 9/57 [Amaemon/+0 demon whip of venom (13)]
 10473 | D:8      | Killed Amaemon
 10474 | D:8      | Reached skill level 7 in Summonings
 10474 | D:8      | Reached skill level 13 in Necromancy
 10474 | D:8      | HP: 2/58 [poisoned by Amaemon]
 10812 | D:9      | Found a sacrificial altar of Ru.
 10837 | D:9      | Noticed a two-headed ogre
 10847 | D:9      | Killed a two-headed ogre
 10848 | D:9      | Reached skill level 10 in Spellcasting
 10933 | D:9      | Found an iron altar of Okawaru.
 10933 | D:9      | Found a shimmering altar of Xom.
 10941 | D:9      | Found a broken altar of Ashenzari.
 11061 | D:9      | Noticed a two-headed ogre
 11079 | D:9      | Reached skill level 8 in Summonings
 11086 | D:9      | Killed a two-headed ogre
 11112 | D:9      | Noticed a cyclops
 11430 | D:10     | Entered Level 10 of the Dungeon
 11476 | D:10     | Reached skill level 5 in Fighting
 11628 | D:10     | Noticed Fannar
 11633 | D:10     | Killed Fannar
 11634 | D:10     | Reached skill level 14 in Necromancy
 11634 | D:10     | Reached XP level 11. HP: 63/63 MP: 23/27
 11743 | D:10     | Noticed a nameless horror
 11749 | D:10     | Killed a nameless horror
 11772 | D:10     | Noticed a centaur warrior
 11915 | D:10     | Reached skill level 9 in Summonings
 12572 | D:10     | Reached skill level 11 in Spellcasting
 12781 | D:8      | Reached ** piety under Kikubaaqudgha
 12792 | D:8      | Killed Joseph
 12806 | D:8      | Found a staircase to the Lair.
 13016 | Lair:1   | Entered Level 1 of the Lair of Beasts
 13208 | Lair:1   | Reached skill level 10 in Summonings
 13293 | Lair:1   | Learned a level 2 spell: Sublimation of Blood
 13302 | Lair:1   | Learned a level 8 spell: Infestation
 13478 | Lair:1   | Reached skill level 15 in Necromancy
 13686 | Lair:1   | Reached skill level 6 in Fighting
 13768 | Lair:1   | Found a frozen archway.
 14093 | Lair:2   | Reached XP level 12. HP: 53/70 MP: 12/29
 14220 | Lair:2   | Found a staircase to the Snake Pit.
 14318 | Lair:2   | Reached skill level 11 in Summonings
 14499 | Lair:2   | Reached skill level 12 in Spellcasting
 14913 | Lair:3   | HP: 17/71 [water moccasin (1)]
 14913 | Lair:3   | HP: 3/71 [cane toad (14)]
 14918 | Lair:3   | Reached skill level 16 in Necromancy
 14966 | Lair:3   | Found a staircase to the Swamp.
 15031 | Lair:3   | Noticed Sonja
 15037 | Lair:3   | Killed Sonja
 15038 | Lair:3   | HP: 14/71 [poisoned by a black mamba]
 15038 | Lair:3   | HP: 3/71 [black mamba (11)]
 15038 | Lair:3   | Mangled by a black mamba

Illustrated notes

Levels and vault maps discovered:
D:1:      minmay_arrival_hallway, layout_loops_corners, basic_ecumenical_altar,
          minmay_unequal
D:2:      layout_loops_ring, uniq_jessica
D:3:      layout_basic, serial_shops, nicolae_shop_advertising_works
          [nicolae_subvault_shop_adworks], minmay_shallow_snake_nest,
          uniq_natasha
D:4:      layout_rooms, grunt_dithmenos_smoke_and_mirrors,
          makhleb_blood_cavern_becter, slow_altar_1, serial_shops,
          nicolae_square_shop, nicolae_shop_temple_entry_statues_fountains,
          kennysheep_mini_moat, chequers_serial_rivers_large_a,
          minmay_fractal_squares_gapless_5
D:5:      layout_layer_cave, mainiacjoe_overflow_cross_hatched,
          lemuel_temple_firewalk_b, uniq_sigmund
D:6:      layout_basic
D:7:      layout_basic, nicolae_hepliaklqana_hazy_memory, serial_shops,
          nicolae_stop_n_shop_2
D:8:      layout_basic, nicolae_qazlal_style_of_elements,
          grunt_lair_entry_orc_guard_hut, uniq_amaemon, uniq_psyche,
          uniq_joseph, uniq_maurice
D:9:      layout_roguey, nicolae_overflow_crystal_walls,
          gammafunk_temple_overflow_claw
D:10:     layout_loops_ring, uniq_fannar
Temple:   nicolae_temple_bog_church
Lair:1:   layout_loops_ring, portal_ice_cave_demonic_guard, grunt_megastairs_2
Lair:2:   layout_roguey, guppyfry_snake_entry_island
Lair:3:   layout_cave_shapes, minmay_swamp_entry_reptiles, uniq_sonja

Skill      XL: |  1  2  3  4  5  6  7  8  9 10 11 12 |
---------------+-------------------------------------+-----
Necromancy     | 5 6 7 8 9 10 11 12 14 15 16 | 16.2
Spellcasting   | 4 5 6 7 8 9 10 11 12 | 12.3
Fighting       | 1 3 4 5 6 |  6.6
Summonings     | 3 6 8 10 11 | 11.7
Dodging        | |  2.4
Stealth        | |  2.4

Action                   |  1- 3 |  4- 6 |  7- 9 | 10-12 || total
-------------------------+-------+-------+-------+-------++-------
Melee: Staff             |     4 |    25 |    49 |    33 ||   111
       Punch             |       |     2 |     1 |     3 ||     6
 Cast: Necrotise         |    41 |    34 |    48 |    33 ||   156
       Vampiric Draining |       |    24 |    97 |   109 ||   230
       Animate Dead      |       |     5 |    10 |    10 ||    25
       Haunt             |       |       |       |    13 ||    13
Invok: Unearth Wretches  |       |       |       |     6 ||     6
  Use: Scroll            |     3 |     2 |     8 |     7 ||    20
       Potion            |       |       |     2 |     4 ||     6
 Stab: Distracted        |       |       |     1 |       ||     1
       Paralysed         |       |       |       |     3 ||     3
Armor: Robe              |       |    21 |    56 |    45 ||   122
       Skin              |       |       |    19 |       ||    19
Dodge: Dodged            |     1 |    37 |   132 |   100 ||   270

Table legend: (Time is in decaauts)
 A = Elapsed time spent in this place.
 B = Non-inter-level travel time spent in this place.
 C = Inter-level travel time spent in this place.
 D = Time resting spent in this place.
 E = Time spent auto-exploring this place.
 F = Levels seen in this place.
 G = Mean time per level.
                   A        B        C        D        E       F      G
               +--------+--------+--------+--------+--------+-----+--------+
         Total |  15081 |  14556 |    525 |   3233 |   8423 |  14 | 1077.2 |
       Dungeon |  12980 |  12500 |    480 |   2939 |   7179 |  10 | 1298.0 |
        Temple |     73 |     64 |      9 |      0 |     50 |   1 |   73.0 |
          Lair |   2027 |   1992 |     35 |    294 |   1194 |   3 |  675.7 |
               +--------+--------+--------+--------+--------+-----+--------+

Top non-repeatable levels by time:
     D:6: 2366 daAuts
     D:5: 2053 daAuts
     D:3: 1395 daAuts
    D:10: 1264 daAuts
     D:1: 1215 daAuts
     D:8: 1074 daAuts
     D:7: 1017 daAuts
  Lair:1: 1001 daAuts
     D:4: 951 daAuts
     D:9: 915 daAuts
  Lair:2: 844 daAuts
     D:2: 725 daAuts
  Lair:3: 181 daAuts
  Temple: 73 daAuts

Table legend:
 A = Kills in this place as a percentage of kills in entire the game.
 B = Kills by you in this place as a percentage of kills by you in the entire game.
 C = Kills by friends in this place as a percentage of kills by friends in the entire game.
 D = Other kills in this place as a percentage of other kills in the entire game.
 E = Experience gained in this place as a percentage of experience gained in the entire game.
 F = Experience gained in this place divided by the number of levels of this place that you have seen.
                   A       B       C       D       E      F
               +-------+-------+-------+-------+-------+----------------------
         Total | 100.0 | 100.0 | 100.0 |   N/A | 100.0 | 2078.2
       Dungeon |  79.4 |  91.1 |  57.7 |   N/A |  51.7 | 1504.4
          Lair |  20.6 |   8.9 |  42.3 |   N/A |  48.3 | 4683.7
               +-------+-------+-------+-------+-------+----------------------
